 Dungeon Crawl Stone Soup version 0.32-a0-33-g74fbe469d6 (webtiles) character file.

Game seed: 7943977064014410947

3677 whatisthis the Blocker (level 9, -7/93 HPs)
             Began as a Troll Fighter on Jan 20, 2024.
             Mangled by a yak (14 damage)
             ... on level 9 of the Dungeon.
             The game lasted 00:19:32 (7792 turns).

whatisthis the Blocker (Troll Fighter)              Turns: 7792, Time: 00:19:33

Health: -7/93      AC:  4    Str: 36    XL:     9   Next: 89%
Magic:  8/8        EV:  9    Int:  4    God:
Gold:   420        SH:  9    Dex:  9    Spells: 8/8 levels left

rFire   . . .        a - +0 flail
rCold   . . .        c - +0 kite shield
rNeg    . . .        b - +0 robe
rPois   .            (helmet restricted)
rElec   .            (no cloak)
rCorr   .            (gloves unavailable)
SInv    .            (boots unavailable)
Will    +....        (no amulet)
Stlth   +            d - +6 ring of strength
HPRegen 1.15/turn    y - ring of willpower
MPRegen 0.11/turn

%: no passive effects
@: no status effects
A: large, unfitting armour, claws 3, regeneration 1, shaggy fur 1, tough skin 1
a: no special abilities


You were on level 9 of the Dungeon.
You visited 2 branches of the dungeon, and saw 10 of its levels.

You collected 444 gold pieces.
You spent 24 gold pieces at shops.

Inventory:

Hand Weapons
 a - a +0 flail (weapon)
Missiles
 f - 9 poisoned darts (quivered)
Armour
 b - a +0 robe (worn)
 c - a +0 kite shield (worn)
Jewellery
 d - a +6 ring of strength (left claw)
 o - a ring of ice
 r - an amulet of faith
 x - a ring of fire
 y - a ring of willpower (right claw)
 B - a ring of resist corrosion
Wands
 h - a wand of polymorph (3)
Scrolls
 e - a scroll of blinking {unknown}
 i - 2 scrolls of torment
 j - 2 scrolls of enchant armour
 k - 2 scrolls of poison
 l - a scroll of silence
 n - a scroll of immolation {unknown}
 p - a scroll of vulnerability {unknown}
 q - 4 scrolls of teleportation
 t - a scroll of amnesia
 w - a scroll of butterflies {unknown}
 A - a scroll of fog {unknown}
Potions
 g - a potion of cancellation
 m - a potion of enlightenment
 s - 4 potions of curing
 u - a potion of brilliance
 v - a potion of invisibility {unknown}
 z - a potion of ambrosia {unknown}


   Skills:
 + Level 7.4 Fighting
 + Level 7.7 Maces & Flails
 - Level 2.4 Dodging
 + Level 8.0 Shields


You had 8 spell levels left.
You didn't know any spells.
Your spell library contained the following spells:

 Spells                   Type           Power      Damage    Failure   Level
 Magic Dart               Conj           0%         1d3       65%         1
 Blink                    Tloc           0%         N/A       78%         2
 Call Imp                 Summ           0%         N/A       78%         2
 Dazzling Flash           Conj/Hex       0%         N/A       95%         3
 Volatile Blastmotes      Fire/Tloc      0%         2d10      95%         3
 Starburst                Conj/Fire      0%         6d3       100%        6
 Maxwell's Capacitive Co  Air            0%         ∞         100%        8


Dungeon Overview and Level Annotations

Branches:
Dungeon (9/15)             Temple (1/1) D:6
   Lair: D:8-11         Orc: D:9-12

Altars:
Ashenzari
Cheibriados
Fedhas
Gozag
Hepliaklqana
Kikubaaqudgha
Makhleb
Nemelex Xobeh
Okawaru
Qazlal
Ru
Sif Muna
Uskayaw
Vehumet
Wu Jian
Xom
Yredelemnul
The Shining One

Shops:
D:3 :   D:5 ?!

Annotations:
D:3 1 runed translucent door, Crazy Yiuf
D:6 1 exclusion
D:7 1 exclusion


Innate Abilities, Weirdness & Mutations

You are too large for most types of armour.
You have claws for hands.
Your natural rate of healing is unusually fast.
You are covered in fur. (AC +1)
You have tough skin. (AC +1)


Message History

The javelin barely misses the yak.
The yak gores you.
Throw: javelin
Press: ? - help, Q - select action, (/) - cycle Shift-Dir - straight line, f/p - yak
Aim: a yak (severely wounded, 67% to hit)
You throw a javelin. The javelin pierces through the yak!
You kill the yak!
The javelin pierces through the yak.
The yak is moderately wounded.
The javelin closely misses the yak.
The javelin pierces through the yak but does no damage.
Your Shields skill increases to level 8!
You thump the yak!
The yak is heavily wounded.
The yak gores you!
You sock the yak!
The yak is almost dead.
The yak gores you!
Throw: 11 darts (poison)
Press: ? - help, Q - select action, (/) - cycle Shift-Dir - straight line, f - yak
Aim: a yak (almost dead, 67% to hit)
You throw a poisoned dart.
The poisoned dart closely misses the yak.
The poisoned dart hits the yak.
The yak is poisoned.
The yak is heavily wounded.
The yak closely misses you.
Throw: 10 darts (poison)
Press: ? - help, Q - select action, (/) - cycle Shift-Dir - straight line, f/p - yak
Aim: a yak (almost dead, 67% to hit)
You throw a poisoned dart. The poisoned dart hits the yak.
The yak is poisoned.
The yak is almost dead.
The yak gores you!
* * * LOW HITPOINT WARNING * * *
The yak gores you!
* * * LOW HITPOINT WARNING * * *
Okay, then.
You hit the yak.
The yak is almost dead.
The yak gores you!
You die...

#...# #...#
#...#§§§§§8§§§§§#
#...#§§§§###§§§§#
#...#§§§§#_#§§§§#
#.###§§§§#.#§§§§#
#.# §§§§#.#§§§§#
#.### §§#.#§§§§
#..@######.#######
#...YY(Y...(.(....
#########..(......
##........
#........
#...((...
.........
.........
#######..


You could see 3 yaks.

Vanquished Creatures
  3 wyverns
  5 yaks
  3 water moccasins
  2 ice beasts
  2 sky beasts
  A black bear (D:6)
  2 orc warriors
  3 centaurs
  2 phantoms
  A kobold brigand (D:8)
  3 scorpions
  A howler monkey (D:9)
  2 bombardier beetles
  2 orc priests
  6 hounds
  8 iguanas
  A sleepcap (D:5)
  4 orc wizards
  7 gnolls
  11 adders
  2 white imps
  3 dart slugs
  26 orcs
  8 endoplasms
  6 giant cockroaches
  16 goblins
  10 hobgoblins
  5 quokkas
  6 ball pythons
  5 bats
  2 frilled lizards (D:2)
  12 kobolds
  A rat (D:1)
171 creatures vanquished.

Vanquished Creatures (others)
  A butterfly (D:6)
1 creature vanquished.

Grand Total: 172 creatures vanquished

Notes
Turn   | Place    | Note
-------+----------+-------------------------------------------
     0 | D:1      | whatisthis the Troll Fighter began the quest for the Orb.
     0 | D:1      | Reached XP level 1. HP: 22/22 MP: 0/0
   172 | D:1      | Reached XP level 2. HP: 29/29 MP: 1/1
   290 | D:1      | Reached skill level 3 in Shields
   847 | D:2      | Reached XP level 3. HP: 30/36 MP: 2/2
   946 | D:2      | Reached XP level 4. HP: 26/45 MP: 3/3
  2157 | D:3      | Reached XP level 5. HP: 51/53 MP: 4/4
  2301 | D:3      | Found a runed translucent door.
  2302 | D:3      | Noticed Crazy Yiuf
  2448 | D:3      | Found Iczahuwe's Book Shop.
  2758 | D:4      | Found a sacrificial altar of Ru.
  2771 | D:4      | Found a hide-covered altar of Uskayaw.
  2791 | D:4      | Noticed a +0 hand axe
  2791 | D:4      | Noticed a +0 hand axe
  2791 | D:4      | Noticed a phantom
  2977 | D:4      | Reached skill level 4 in Shields
  2989 | D:4      | Reached XP level 6. HP: 60/62 MP: 5/5
  3545 | D:5      | Entered Level 5 of the Dungeon
  3590 | D:5      | Reached XP level 7. HP: 51/71 MP: 6/6
  3645 | D:5      | Found Zaiffif's Distillery.
  3805 | D:5      | HP: 1/71 [ice beast (11)]
  3808 | D:5      | Reached skill level 5 in Shields
  3900 | D:5      | Found Tetiweyl's Magic Scroll Shoppe.
  3914 | D:5      | Bought a scroll of identify for 24 gold pieces
  4351 | D:5      | Reached skill level 5 in Fighting
  4366 | D:5      | Reached skill level 5 in Maces & Flails
  4556 | D:6      | Found a blossoming altar of Fedhas.
  4591 | D:5      | Reached XP level 8. HP: 10/80 MP: 7/7
  4805 | D:6      | Found a staircase to the Ecumenical Temple.
  4822 | Temple   | Entered the Ecumenical Temple
  4853 | Temple   | HP: 1/80 [orc warrior/+0 battleaxe (8)]
  5151 | D:6      | Reached skill level 6 in Shields
  5674 | D:7      | Found a basalt altar of Yredelemnul.
  5737 | D:7      | Noticed a hornet
  6356 | D:7      | Reached XP level 9. HP: 85/89 MP: 8/8
  6379 | D:8      | Found a sparkling altar of Nemelex Xobeh.
  6449 | D:8      | Found an ornate altar of the Wu Jian Council.
  6604 | D:8      | Reached skill level 7 in Shields
  7712 | D:9      | Found a stormy altar of Qazlal.
  7787 | D:9      | Reached skill level 8 in Shields
  7792 | D:9      | Mangled by a yak

Illustrated notes

Levels and vault maps discovered:
D:1:      noname_arrival_rooms_in_the_neighbourhood, layout_basic, serial_glass,
          glass_columns_a, glass_columns_c, glass_columns_a, glass_columns_c,
          minmay_strange_pillars, minmay_strange_pillars, item_on_display_b,
          minmay_statues_item
D:2:      layout_loops_corners, kennysheep_nondescript,
          nicolae_figureground_sparkle
D:3:      cheibrodos_greedy_goblins, layout_loops_ring, serial_shops, shop,
          hangedman_decor_growths, serial_bayou_pond_a, nicolae_half_adder,
          uniq_crazy_yiuf_cottage
D:4:      layout_loops_cross, dancing_weapons_uskayaw, lemuel_round_altar
D:5:      layout_gridville, serial_shops, nicolae_shop_waterfront,
          kennysheep_small_square
D:6:      layout_gridville, nicolae_elyvilon_peaceful_grove, fedhas_altar_3,
          minmay_temple_entry_gardened_gates, serial_bayou_lake_a
D:7:      layout_basic, yredelemnul_altar_generic, minmay_crystal_room
D:8:      layout_loops_cross, nicolae_wu_jian_wuxing_cycle,
          nemelex_xobeh_ov_fountains_minmay
D:9:      minmay_angry_zag, layout_long_grid, tgw_trog,
          mainiacjoe_overflow_alcove_4, nicolae_qazlal_eye_of_the_storm
Temple:   hellmonk_temple_of_storms

Skill      XL: |  1  2  3  4  5  6  7  8  9 |
---------------+----------------------------+-----
Maces & Flails | 2 3 4 5 6 7 |  7.7
Shields        | 3 4 5 6 8 |  8.0
Fighting       | 3 4 5 6 7 |  7.4
Dodging        | |  2.4

Action                     |  1- 3 |  4- 6 |  7- 9 || total
---------------------------+-------+-------+-------++-------
  Melee: Flail             |    64 |   275 |   332 ||   671
  Throw: Dart              |       |       |    90 ||    90
         Javelin           |       |       |     4 ||     4
    Use: Potion            |       |       |     4 ||     4
         Scroll            |       |       |    11 ||    11
   Stab: Sleeping          |       |     1 |       ||     1
 Armour: Robe              |    27 |   177 |   253 ||   457
  Dodge: Dodged            |    15 |    97 |   142 ||   254
  Block: Kite shield       |    24 |   129 |   196 ||   349

Table legend: (Time is in decaauts)
 A = Elapsed time spent in this place.
 B = Non-inter-level travel time spent in this place.
 C = Inter-level travel time spent in this place.
 D = Time resting spent in this place.
 E = Time spent auto-exploring this place.
 F = Levels seen in this place.
 G = Mean time per level.
                   A        B        C        D        E       F      G
               +--------+--------+--------+--------+--------+-----+--------+
         Total |   8001 |   7492 |    509 |    808 |   4247 |  10 |  800.1 |
       Dungeon |   7876 |   7371 |    505 |    725 |   4247 |   9 |  875.1 |
        Temple |    125 |    121 |      4 |     83 |      0 |   1 |  125.0 |
               +--------+--------+--------+--------+--------+-----+--------+

Top non-repeatable levels by time:
     D:5: 1174 daAuts
     D:3: 1075 daAuts
     D:8: 1069 daAuts
     D:2: 1062 daAuts
     D:6: 941 daAuts
     D:4: 808 daAuts
     D:1: 732 daAuts
     D:7: 692 daAuts
     D:9: 319 daAuts
  Temple: 125 daAuts
